AoeStats
← JimothyB

Arabian Desert

511106946Analyzed
1v1 RM · 5h ago on Oct 3, 2026· 39m 26s· 2 players
Game mode
Random Map
Map size
Tiny (2 player)
Population
200
Speed
Normal
Resources
Standard
Victory
Conquest
Starting age
Dark Age
Ending age
Imperial Age
RankedLock teamsTeams togetherTeam positionsShared explorationLock speedFull tech treeHidden civsTurbo modeCheats
Victory
Defeat
🇺🇸 Varangians · United States
1578
+15
🇩🇪 Teutons · Germany
1565
-15
Alneryus
6:42 Loom
9:01 Feudal Age
11:32 Town Watch
11:35 Double-Bit Axe
16:30 Forging
22:14 Castle Age
20:28 Gold Mining
20:21 Horse Collar
22:01 Scale Barding Armor
22:09 Bloodlines
27:56 Chain Barding Armor
31:47 Wheelbarrow
32:34 Bow Saw
34:02 Stone Mining
38:16 Fletching
41:19 Imperial Age
39:22 Bodkin Arrow
39:08 Pikeman
39:49 Squires
JimothyB
7:04 Loom
8:59 Feudal Age
9:20 Man-at-Arms
11:09 Double-Bit Axe
11:56 Horse Collar
17:15 Fletching
19:23 Wheelbarrow
22:08 Castle Age
20:48 Scale Barding Armor
21:19 Bloodlines
21:11 Gold Mining
22:47 Bodkin Arrow
23:25 Husbandry
25:00 Padded Archer Armor
27:38 Light Cavalry
30:16 Ballistics
32:37 Town Watch
37:29 Imperial Age
36:51 Forging
38:18 Bracer
Connection lost

Rejoining the realm…

Still unreachable

The connection could not be restored.

Session expired

The server has moved on; the page needs a fresh start.